 Dungeon Crawl Stone Soup version 0.17.0-23-g0de4337 (webtiles) character file.

1869 JudasIscariot the Ducker (level 8, -10/80 HPs)
             Began as a Troll Fighter on Nov 13, 2015.
             Was a Follower of Okawaru.
             Mangled by Joseph
             ... wielding a +0 quarterstaff
              (12 damage)
             ... on level 7 of the Dungeon.
             The game lasted 00:14:43 (5343 turns).

JudasIscariot the Ducker (Troll Fighter)            Turns: 5343, Time: 00:14:43

Health: -10/80     AC:  6    Str: 27    XL:     8   Next: 90%
Magic:  7/7        EV: 12    Int:  4    God:    Okawaru [*.....]
Gold:   346        SH:  0    Dex:  9    Spells: 0 memorised, 7 levels left

rFire  . . .     SeeInvis .     y - +0 giant spiked club
rCold  . . .     Clarity  .     b - +0 robe
rNeg   . . .     SustAt   .     (shield currently unavailable)
rPois  .         Gourm    +     (helmet restricted)
rElec  .         Spirit   .     i - +0 cloak
rCorr  .         Warding  .     (gloves unavailable)
rMut   .         Stasis   .     (boots unavailable)
MR     .....                    (no amulet)
Stlth  +.........               (no ring)
                                (no ring)

@: hasted, very quick, not resistant to hostile enchantments, very unstealthy
A: unfitting armour, claws 3, fast metabolism 3, gourmand, regeneration 2,
shaggy fur 1, tough skin 2
a: Heroism, Renounce Religion


You were on level 7 of the Dungeon.
You worshipped Okawaru.
Okawaru was aware of your devotion.
You were not hungry.

You visited 2 branches of the dungeon, and saw 8 of its levels.

You collected 346 gold pieces.

Inventory:

Hand Weapons
 a - a +0 flail
 y - a +0 giant spiked club (weapon)
 A - a +0 dire flail
Armour
 b - a +0 robe (worn)
 c - a +0 shield
 i - a +0 cloak (worn)
Wands
 p - a wand of disintegration (10)
 v - a wand of enslavement (12)
Scrolls
 d - 4 scrolls of magic mapping {unknown}
 f - a scroll of noise
 l - a scroll of blinking {unknown}
 n - a scroll of fear {unknown}
 r - a scroll of enchant armour {unknown}
 s - a scroll of remove curse
 w - 2 scrolls of identify {unknown}
 x - 2 scrolls of teleportation {unknown}
 B - a scroll of random uselessness {unknown}
 D - a scroll of recharging {unknown}
Potions
 h - a potion of cancellation {unknown}
 j - a potion of brilliance {unknown}
 m - a potion of lignification {unknown}
 q - 2 potions of resistance {unknown}
 z - 2 potions of curing {unknown}
 C - a potion of degeneration {unknown}
 G - a potion of agility {unknown}
Books
 F - a book of Beasts

   Spells                             Type                      Level
   a - Summon Butterflies             Summoning                    1
   b - Call Canine Familiar           Summoning                    3
   c - Summon Ice Beast               Ice/Summoning                4
   d - Summon Mana Viper              Hexes/Summoning              5
   e - Summon Hydra                   Summoning                    7
 H - a book of Changes

   Spells                             Type                      Level
   a - Beastly Appendage              Transmutation                1
   b - Sticks to Snakes               Transmutation                2
   c - Spider Form                    Transmutation/Poison         3
   d - Ice Form                       Ice/Transmutation            4
   e - Blade Hands                    Transmutation                5
Comestibles
 e - 6 bread rations
 g - 7 fruits
 k - a slice of pizza
 o - 4 meat rations
 u - 2 beef jerkies
 E - 2 royal jellies


   Skills:
 * Level 5.1 Fighting
 * Level 5.5 Maces & Flails
 * Level 7.0 Dodging
 + Level 3.4 Shields


You had 7 spell levels left.
You didn't know any spells.

Dungeon Overview and Level Annotations

Branches:
Dungeon (7/15)             Temple (1/1) D:5

Altars:
Ashenzari
Cheibriados
Elyvilon
Fedhas
Gozag
Kikubaaqudgha
Makhleb
Nemelex Xobeh
Okawaru
Qazlal
Ru
Vehumet
Yredelemnul
Zin
The Shining One

Annotations:
D:7 Joseph


Innate Abilities, Weirdness & Mutations

You are too large for most types of armour.
You have claws for hands.
Your metabolism is lightning-fast.
You like to eat raw meat.
You heal very quickly.
You are covered in fur (AC +1).
You have very tough skin (AC +2).


Message History

The orc closely misses you.
You puncture Joseph!
Joseph is heavily wounded.
Joseph hits you with an uncursed quarterstaff.
The orc barely misses you. Joseph misses you.
You impale Joseph!!
Joseph is almost dead.
Joseph barely misses you.
The orc hits you from afar with a trident!
Joseph hits you with an uncursed quarterstaff.
* * * LOW HITPOINT WARNING * * *
The orc hits you from afar with a trident!
* * * LOW HITPOINT WARNING * * *
Drink which item? (? for menu, Esc to quit)
You feel yourself speed up.
Joseph hits you with an uncursed quarterstaff!
* * * LOW HITPOINT WARNING * * *
The jackal pauses to sniff the ground.
Joseph hits you with an uncursed quarterstaff!
You die...

.. ho #+# o# #.# #{#
#.# ####.. #.#####
#...o ####.....#
#..o########...####.##
+..o@@(....'..........
#...########...####.##
#.......# ##### #.#
###.....# #.# #.....#
#.## ####### #.## #.##
#... ####


You could see Joseph and 2 orcs.

Vanquished Creatures
  Sigmund (D:3)
  Menkaure (D:5)
  Edmund (D:5)
  An ice beast (D:5)
  A sky beast (D:5)
  4 ogres
  Blork the orc (D:5)
  A giant frog (D:6)
  A water moccasin skeleton (D:3)
  A scorpion (D:4)
  3 hounds
  A crimson imp (D:5)
  A centaur zombie (D:7)
  A giant frog skeleton (D:5)
  A giant frog zombie (D:6)
  2 orc priests (D:3)
  2 iguanas
  6 orc wizards
  3 worker ants
  A worker ant zombie (D:5)
  3 adders
  A shadow imp (D:6)
  3 oozes
  2 adder skeletons (D:6)
  3 worms
  2 giant geckos
  17 orcs
  7 goblins
  5 hobgoblins
  2 jackals (D:3)
  3 quokkas
  3 ball pythons
  6 bats
  A giant cockroach (D:4)
  4 giant newts
  9 kobolds
  7 rats
112 creatures vanquished.

Vanquished Creatures (others)
  An orc wizard (D:7)
1 creature vanquished.

Grand Total: 113 creatures vanquished

Notes
Turn   | Place    | Note
--------------------------------------------------------------
     0 | D:1      | JudasIscariot the Troll Fighter began the quest for the Orb.
     0 | D:1      | Reached XP level 1. HP: 22/22 MP: 0/0
   178 | D:1      | Reached XP level 2. HP: 26/29 MP: 1/1
  1117 | D:2      | Reached XP level 3. HP: 34/36 MP: 2/2
  1473 | D:2      | Found a glowing silver altar of Zin.
  1476 | D:2      | Found a blossoming altar of Fedhas.
  1479 | D:2      | Found a sparkling altar of Nemelex Xobeh.
  1551 | D:3      | Reached skill level 3 in Fighting
  1551 | D:3      | Reached XP level 4. HP: 35/45 MP: 3/3
  1936 | D:3      | Noticed Sigmund
  1958 | D:3      | Killed Sigmund
  1958 | D:3      | Reached skill level 4 in Dodging
  1958 | D:3      | Reached XP level 5. HP: 27/53 MP: 4/4
  1958 | D:3      | Reached XP level 6. HP: 31/61 MP: 5/5
  2391 | D:3      | Found a burning altar of Makhleb.
  2700 | D:4      | Reached skill level 5 in Dodging
  2700 | D:4      | Reached XP level 7. HP: 61/68 MP: 6/6
  3209 | D:4      | Found an opulent altar of Gozag.
  3429 | D:5      | Entered Level 5 of the Dungeon
  3429 | D:5      | Found a staircase to the Ecumenical Temple.
  3435 | D:5      | Noticed Blork the orc
  3441 | D:5      | Killed Blork the orc
  3458 | Temple   | Entered the Ecumenical Temple
  3488 | Temple   | Became a worshipper of Warmaster Okawaru
  3545 | D:5      | Reached XP level 8. HP: 78/78 MP: 7/7
  3617 | D:5      | Noticed Edmund
  3651 | D:5      | Killed Edmund
  3651 | D:5      | Reached skill level 6 in Dodging
  3698 | D:5      | Noticed Menkaure
  3714 | D:5      | Killed Menkaure
  3804 | D:5      | Found a radiant altar of Vehumet.
  3861 | D:5      | Found a glowing golden altar of the Shining One.
  4431 | D:6      | Reached skill level 5 in Maces & Flails
  4439 | D:6      | Reached * piety under Okawaru
  4776 | D:6      | Reached skill level 5 in Fighting
  5134 | D:6      | Reached skill level 7 in Dodging
  5333 | D:7      | Noticed Joseph
  5343 | D:7      | HP: 2/80 [Joseph/uncursed quarterstaff (14)]
  5343 | D:7      | Mangled by Joseph

Action                   |  1- 3 |  4- 6 |  7- 9 || total
-------------------------+-------+-------+-------++-------
Melee: Flail             |   118 |   136 |       ||   254
       Giant spiked club |       |       |   217 ||   217
  Use: Potion            |       |     2 |     6 ||     8
       Scroll            |       |       |     3 ||     3
 Stab: Sleeping          |       |       |     1 ||     1
  Eat: Chunk             |    20 |    11 |    20 ||    51
